 Dungeon Crawl Stone Soup version 0.31.0-32-g396128a36d (webtiles) character file.

Game seed: 18358988223907110631

27171 DavidSid the Bludgeoner (level 13, -9/117 HPs)
             Began as a Minotaur Berserker on Mar 12, 2024.
             Was a High Priest of Trog.
             Mangled by a deep elf knight
             ... wielding a +0 long sword
              (10 damage)
             ... on level 1 of the Elven Halls.
             The game lasted 01:18:56 (9676 turns).

DavidSid the Bludgeoner (Minotaur Berserker)        Turns: 9676, Time: 01:18:57

Health: -9/117     AC: 20    Str: 26    XL:     13   Next: 2%
Magic:  10/10      EV: 12    Int:  4    God:    Trog [*****.]
Gold:   619        SH:  0    Dex: 17    Spells: 12/12 levels left

rFire   . . .        s - +5 great mace (protect)
rCold   x . .        (shield currently unavailable)
rNeg    + . .        j - +6 chain mail of Tenacity {Rampage +Inv rC- rCorr}
rPois   .            (helmet restricted)
rElec   .            (no cloak)
rCorr   +            L - +0 pair of gloves
SInv    .            (no boots)
Will    .....        k - amulet of regeneration Stlth
                     i - +6 ring of dexterity
HPRegen 1.19/turn    A - ring of positive energy
MPRegen 0.12/turn

%: rampage
@: on fire, marked, glowing, studying Throwing
A: horns 2, retaliatory headbutt, low MP 1
a: Renounce Religion, Evoke Invisibility, Berserk, Trog's Hand, Brothers in Arms


You were on level 1 of the Elven Halls.
You worshipped Trog.
Trog was extremely pleased with you.
You visited 4 branches of the dungeon, and saw 13 of its levels.

You collected 1272 gold pieces.
You spent 653 gold pieces at shops.

Inventory:

Hand Weapons
 n - a +2 dire flail of draining
 p - a +3 flail of venom
 s - a +5 great mace of protection (weapon)
 t - a +0 orcbow
 v - a +1 whip of holy wrath
 y - a +4 mace of freezing
 D - a +4 rapier of flaming
 H - a +3 morningstar
 T - a +2 spear of chaos
 U - a +0 flail of holy wrath
Missiles
 q - 107 stones
 r - 4 datura-tipped darts
 u - 3 boomerangs
 w - 25 poisoned darts
 E - a throwing net
 K - 2 javelins (quivered)
 Q - 5 atropa-tipped darts
 Z - 5 darts of dispersal
Armour
 f - a +0 troll leather armour
 j - the +6 chain mail of Tenacity (worn) {Rampage +Inv rC- rCorr}
   (You found it on level 7 of the Dungeon)

   rC-:       It makes you vulnerable to cold.
   +Inv:      It lets you turn invisible.
   rCorr:     It protects you from acid and corrosion.
   Rampage:   It bestows one free step when moving towards enemies.
 L - a +0 pair of gloves (worn)
 O - a +2 chain mail of fire resistance
 P - a +2 plate armour of positive energy
 R - a +2 buckler
 S - a +1 ring mail
Jewellery
 b - a ring of protection from fire
 e - a ring of poison resistance
 i - a +6 ring of dexterity (left hand)
 k - an amulet of regeneration (around neck)
 o - an amulet of reflection
 A - a ring of positive energy (right hand)
Wands
 l - a wand of quicksilver (5)
 I - a wand of paralysis (4)
 W - a wand of flame (13)
 Y - a wand of roots (6)
Scrolls
 c - 2 scrolls of poison
 F - a scroll of revelation
 G - a scroll of vulnerability
 J - a scroll of enchant armour
 M - a scroll of torment
 N - a scroll of fog
 X - 2 scrolls of silence
Potions
 a - a potion of haste
 d - a potion of resistance
 g - 4 potions of attraction
 h - a potion of magic
 m - 2 potions of lignification
 x - 2 potions of cancellation
 z - 2 potions of curing
 B - 5 potions of ambrosia
 C - a potion of might


   Skills:
 + Level 11.9 Fighting
 + Level 15.8 Maces & Flails
 + Level 4.7 Throwing
 + Level 13.0 Armour
 + Level 6.4 Dodging
 + Level 2.0 Stealth
 + Level 9.9 Shields


You had 12 spell levels left.
You didn't know any spells.
Your spell library contained the following spells:

 Spells                   Type           Power      Damage    Failure   Level
 Slow                     Hex            0%         N/A       89%         1
 Mercury Vapours          Alch/Air       0%         N/A       96%         2
 Confusing Touch          Hex            0%         N/A       99%         3
 Fugue of the Fallen      Necr           0%         N/A       99%         3
 Mephitic Cloud           Conj/Alch/Air  0%         N/A       99%         3
 Ozocubu's Armour         Ice            0%         N/A       99%         3
 Sigil of Binding         Hex            0%         N/A       99%         3
 Vampiric Draining        Necr           0%         2d6       99%         3
 Manifold Assault         Tloc           0%         N/A       100%        4
 Freezing Cloud           Conj/Ice/Air   0%         6-21      100%        5


Dungeon Overview and Level Annotations

Branches:
Dungeon (9/15)             Temple (1/1) D:6             Orc (2/2) D:9
    Elf (1/3) Orc:2
   Lair: D:8-11

Altars:
Ashenzari
Cheibriados
Dithmenos
Elyvilon
Gozag
Hepliaklqana
Makhleb
Nemelex Xobeh
Okawaru
Qazlal
Ru
Sif Muna
Trog
Uskayaw
Vehumet
Wu Jian
Xom
Yredelemnul
Zin
The Shining One

Shops:
D:5 *   D:7 (   D:9 (   Orc:2 !**


Innate Abilities, Weirdness & Mutations

You have a pair of horns on your head.
You reflexively headbutt those who attack you in melee.
Your magical capacity is low. (-10% MP)


Message History

The deep elf zephyrmancer blinks!
You closely miss the deep elf pyromancer.
You headbutt the deep elf pyromancer.
The deep elf pyromancer is almost dead.
The liquid fire burns you! The fire elemental hits you.
The fire elemental burns you!
The +0 heavy trident hits you from afar.
The deep elf pyromancer barely misses you.
You furiously retaliate!
You headbutt the deep elf pyromancer.
You kill the deep elf pyromancer!
Trog accepts your kill.
Trog appreciates your killing of a magic user.
The fire elemental disappears in a puff of smoke!
A deep elf archer comes into view. It is wielding a +0 short sword.
Your Armour skill increases to level 13!
You shake off some of the fire as you move.
The liquid fire burns you!
The +0 heavy trident hits you from afar.
Something hits you but does no damage.
You shake off some of the fire as you move.
The liquid fire burns you!
The +0 heavy trident hits you but does no damage.
Something hits you but does no damage.
You shake off some of the fire as you move.
The liquid fire burns you!
The +0 heavy trident hits you from afar.
The deep elf knight mumbles some strange words.
The deep elf knight flickers and vanishes!
There is a staircase back to the Mines, spattered with blood here.
The liquid fire burns you! Something hits you but does no damage.
The +0 heavy trident closely misses you.
You hear some strange, mumbled words.
A shard of ice appears from out of thin air!
The shard of ice hits you!!!
You feel a painful chill!
* * * LOW HITPOINT WARNING * * *
The deep elf archer unwields a +0 short sword.
The deep elf archer wields a +0 shortbow.
The deep elf archer shoots an arrow.
Something hits you!
You die...

####...###
##.........##
......... .## #.
........ ..## ...
#..... ...#
...###...###...#
....#.....#.)..##
..$.....[.......#
.......@).......+
.......{.(......#
....#...[.#....##
... ##).e###...#
.. #.....# ...#
...?........##
#...........##
##.:..e(...##
####...####


You could see a deep elf archer (repels missiles), a deep elf zephyrmancer and 2
dancing weapons.

Vanquished Creatures
  An orc warlord (D:9)
  4 ogre magi (Orc:2)
  10 two-headed ogres
  3 deep elf pyromancers (Elf:1)
  An orc sorcerer (Orc:2)
  A cyclops (Orc:1)
  3 deep elf zephyrmancers
  4 orc knights (Orc:2)
  5 kobold blastminers
  Joseph (D:8)
  The ghost of spaghetti the Thaumaturge, a novice DESu of Kikubaaqudgha (D:6)
  A queen bee (Orc:1)
  A troll (Orc:2)
  2 hornets
  Grinder (D:5)
  3 yaks (D:9)
  5 wargs (Orc:2)
  A water moccasin (D:7)
  An ice beast (D:7)
  2 sky beasts
  3 black bears
  19 orc warriors
  12 ogres
  2 centaurs (D:8)
  A phantom (D:5)
  2 kobold brigands (D:8)
  6 bullfrogs
  3 gnoll sergeants
  7 scorpions
  19 wights
  27 killer bees
  8 howler monkeys
  2 bombardier beetles
  A crimson imp (D:9)
  A hound (D:6)
  2 jellies
  3 gnoll boudas
  7 orc priests
  An iguana (D:5)
  Ijyb (D:5)
  20 orc wizards
  Terence (D:2)
  Robin (D:2)
  8 adders
  27 gnolls
  2 shadow imps (D:7)
  2 dart slugs
  62 orcs
  8 ball pythons
  6 endoplasms
  3 giant cockroaches
  9 hobgoblins
  10 jackals
  4 quokkas
  6 bats
  10 frilled lizards
  6 goblins
  15 kobolds
  2 rats
380 creatures vanquished.

Vanquished Creatures (collateral kills)
  2 orc priests (D:5)
  2 orc wizards (D:5)
  An orc (Orc:2)
5 creatures vanquished.

Vanquished Creatures (others)
  An orc wizard (Orc:2)
1 creature vanquished.

Grand Total: 386 creatures vanquished

Notes
Turn   | Place    | Note
-------+----------+-------------------------------------------
     0 | D:1      | DavidSid the Minotaur Berserker began the quest for the
                  | Orb.
     0 | D:1      | Reached XP level 1. HP: 19/19 MP: 0/0
   102 | D:1      | Reached XP level 2. HP: 27/27 MP: 1/1
   116 | D:1      | Reached skill level 4 in Maces & Flails
   251 | D:1      | Reached XP level 3. HP: 24/33 MP: 2/2
   269 | D:1      | Reached ** piety under Trog
   543 | D:2      | Found a white marble altar of Elyvilon.
   546 | D:2      | Noticed Terence
   559 | D:2      | Killed Terence
   560 | D:2      | Reached XP level 4. HP: 36/41 MP: 3/3
   724 | D:2      | Identified the +4 helmet of the Untouchables {rF+}
   724 | D:2      | Noticed Robin
   735 | D:2      | Killed Robin
   736 | D:2      | Reached skill level 5 in Maces & Flails
   798 | D:2      | Gained mutation: Your magical capacity is low. (-10% MP)
                  | [potion of mutation]
  1338 | D:3      | Reached XP level 5. HP: 47/47 MP: 3/3
  1375 | D:3      | Reached *** piety under Trog
  1386 | D:3      | Noticed a black bear
  1406 | D:3      | Killed a black bear
  1407 | D:3      | Reached skill level 5 in Fighting
  1407 | D:3      | Reached skill level 1 in Throwing
  1422 | D:3      | Reached XP level 6. HP: 56/56 MP: 4/4
  1819 | D:4      | Found a shadowy altar of Dithmenos.
  2000 | D:4      | Reached skill level 1 in Shields
  2301 | D:4      | Found a shimmering blue altar of Sif Muna.
  2306 | D:4      | Found an opulent altar of Gozag.
  2427 | D:4      | Reached skill level 6 in Maces & Flails
  2520 | D:4      | Reached skill level 1 in Stealth
  2520 | D:4      | Reached XP level 7. HP: 61/61 MP: 5/5
  2556 | D:5      | Entered Level 5 of the Dungeon
  2556 | D:5      | Noticed Ijyb
  2566 | D:5      | Killed Ijyb
  2618 | D:5      | Noticed Grinder
  2649 | D:5      | HP: 3/91 [Grinder (5)]
  2650 | D:5      | Killed Grinder
  2651 | D:5      | Reached skill level 7 in Maces & Flails
  2651 | D:5      | Reached skill level 5 in Armour
  2912 | D:5      | Reached XP level 8. HP: 52/70 MP: 6/6
  2988 | D:5      | Reached **** piety under Trog
  3127 | D:5      | Reached skill level 8 in Maces & Flails
  3143 | D:5      | Found a stormy altar of Qazlal.
  3260 | D:5      | Found Reihoneq's General Store.
  3289 | D:5      | Bought a scroll of teleportation for 42 gold pieces
  3553 | D:6      | Found a glowing golden altar of the Shining One.
  3713 | D:6      | Found a transporter.
  3974 | D:6      | Found a basalt altar of Yredelemnul.
  3990 | D:6      | Reached skill level 9 in Maces & Flails
  4010 | D:6      | Found a transporter.
  4035 | D:6      | Noticed spaghetti's ghost (novice DESu)
  4072 | D:6      | Found a broken altar of Ashenzari.
  4334 | D:6      | Found a staircase to the Ecumenical Temple.
  4515 | D:6      | Killed spaghetti's ghost
  4516 | D:6      | Reached XP level 9. HP: 57/78 MP: 7/7
  4634 | Temple   | Entered the Ecumenical Temple
  4811 | D:7      | Reached skill level 10 in Maces & Flails
  5063 | D:7      | Identified the +6 chain mail of Tenacity {Rampage +Inv rC-
                  | rCorr}
  5219 | D:7      | Found Vimych's Antique Weapon Emporium.
  5494 | D:8      | Noticed a two-headed ogre
  5507 | D:8      | Killed a two-headed ogre
  5508 | D:8      | Reached skill level 11 in Maces & Flails
  5508 | D:8      | Reached XP level 10. HP: 46/86 MP: 8/8
  5525 | D:8      | Reached ***** piety under Trog
  5555 | D:8      | Found a sacrificial altar of Ru.
  5911 | D:8      | Reached skill level 12 in Maces & Flails
  6093 | D:8      | Noticed Joseph
  6115 | D:8      | Killed Joseph
  6589 | D:9      | Received a gift from Trog
  6720 | D:9      | Reached skill level 5 in Shields
  6751 | D:9      | Found an ornate altar of the Wu Jian Council.
  6754 | D:9      | Found Cuutz's Weapon Shoppe.
  6815 | D:9      | Found a staircase to the Orcish Mines.
  7038 | D:9      | Found a sparkling altar of Nemelex Xobeh.
  7089 | D:9      | Found a burning altar of Makhleb.
  7092 | D:9      | Found a shimmering altar of Xom.
  7281 | Orc:1    | Entered Level 1 of the Orcish Mines
  7311 | Orc:1    | Reached skill level 10 in Armour
  7311 | Orc:1    | Reached XP level 11. HP: 95/95 MP: 8/8
  7323 | Orc:1    | Reached skill level 13 in Maces & Flails
  7331 | Orc:1    | Reached skill level 5 in Dodging
  7639 | Orc:1    | Noticed an orc warlord
  7747 | D:9      | Killed an orc warlord
  7890 | Orc:1    | Noticed a two-headed ogre
  7895 | Orc:1    | Killed a two-headed ogre
  7942 | Orc:2    | Entered Level 2 of the Orcish Mines
  7968 | Orc:2    | Noticed an orc sorcerer
  8168 | Orc:2    | Killed an orc sorcerer
  8169 | Orc:2    | Reached skill level 14 in Maces & Flails
  8247 | Orc:2    | Noticed a two-headed ogre
  8287 | Orc:2    | Killed a two-headed ogre
  8288 | Orc:2    | Reached skill level 10 in Fighting
  8291 | Orc:2    | Noticed a two-headed ogre
  8308 | Orc:2    | Killed a two-headed ogre
  8334 | Orc:2    | Noticed a two-headed ogre
  8344 | Orc:2    | Killed a two-headed ogre
  8345 | Orc:2    | Reached XP level 12. HP: 98/106 MP: 9/9
  8420 | Orc:2    | Noticed a two-headed ogre
  8426 | Orc:2    | Killed a two-headed ogre
  8514 | Orc:2    | Noticed a two-headed ogre
  8529 | Orc:2    | Killed a two-headed ogre
  8555 | Orc:2    | Found a staircase to the Elven Halls.
  8555 | Orc:2    | Noticed a two-headed ogre
  8561 | Orc:2    | Killed a two-headed ogre
  8785 | Orc:2    | Noticed an ogre mage
  8795 | Orc:2    | Killed an ogre mage
  8796 | Orc:2    | Reached skill level 15 in Maces & Flails
  8799 | Orc:2    | Noticed an ogre mage
  8813 | Orc:2    | Killed an ogre mage
  8822 | Orc:2    | Received a gift from Trog
  8829 | Orc:2    | Noticed a two-headed ogre
  8842 | Orc:2    | Killed a two-headed ogre
  8848 | Orc:2    | Noticed a two-headed ogre
  8859 | Orc:2    | Killed a two-headed ogre
  8908 | Orc:2    | Found Seschofi's Distillery.
  8915 | Orc:2    | Bought 2 potions of degeneration for 32 gold pieces
  9105 | Orc:2    | Noticed an ogre mage
  9123 | Orc:2    | Killed an ogre mage
  9221 | Orc:2    | Found Xidygo Och's General Store.
  9221 | Orc:2    | Found Loet's Assorted Antiques.
  9227 | Orc:2    | Bought a scroll of brand weapon for 304 gold pieces
  9227 | Orc:2    | Bought a scroll labelled GEZAIGHAQA for 32 gold pieces
  9227 | Orc:2    | Bought a scroll of identify for 64 gold pieces
  9245 | Orc:2    | Bought a scroll of enchant armour for 112 gold pieces
  9245 | Orc:2    | Bought 5 atropa-tipped darts for 67 gold pieces
  9407 | Orc:2    | Noticed an ogre mage
  9416 | Orc:2    | Killed an ogre mage
  9497 | Elf:1    | Entered Level 1 of the Elven Halls
  9571 | Elf:1    | Reached XP level 13. HP: 61/117 MP: 10/10
  9676 | Elf:1    | HP: 1/117 [something/shard of ice (42)]
  9676 | Elf:1    | Mangled by a deep elf knight

Illustrated notes

Levels and vault maps discovered:
D:1:      tarquinn_simple_flora_water_c, layout_basic, hangedman_decor_growths,
          minmay_lizard_pond
D:2:      layout_loops_ring, basic_altar, uniq_robin, uniq_terence
D:3:      layout_rooms, minmay_shallow_snake_nest
D:4:      layout_loops_corners, grunt_dithmenos_smoke,
          mainiacjoe_overflow_big_doors
D:5:      kennysheep_six_static_rooms, layout_basic,
          mainiacjoe_overflow_tiny_flanked, serial_shops,
          nicolae_shop_tiny_glass, uniq_grinder, uniq_ijyb
D:6:      layout_basic, cheibrodos_ashenzari_chains, tso_metal_star,
          mainiacjoe_overflow_paths, minmay_temple_entry_statues,
          gammafunk_ghost_gnarly_gnolls
D:7:      layout_cave_pods, serial_shops, shop
D:8:      layout_loops_corners, hangedman_decor_opposing, minmay_ruined_shrine,
          uniq_joseph
D:9:      layout_cave_pools, grunt_temple_overflow_champion_of_chaos,
          mainiacjoe_overflow_cross_hatched, nemelex_spade_bored_becter,
          orc_0_dummy, serial_shops, shop
Temple:   hellmonk_temple_of_storms
Orc:1:    layout_diamond_mine, basic_altar, special_room [special_room_bee],
          uniq_erolcha
Orc:2:    st_orc_town, layout_caves, nicolae_orc_stony_grotto,
          guppyfry_library_mini
Elf:1:    minmay_elf_arrival_circle, layout_onion_city,
          hangedman_corner_corridor, uniq_asterion, uniq_zenata

Skill      XL: |  1  2  3  4  5  6  7  8  9 10 11 12 13 |
---------------+----------------------------------------+-----
Fighting       | 4 5 6 7 8 10 11 | 11.9
Maces & Flails | 4 5 6 7 9 11 12 14 15 | 15.8
Dodging        | 3 4 5 6 |  6.4
Armour         | 3 4 5 7 8 10 11 12 13 | 13.0
Throwing       | 1 2 3 4 |  4.7
Shields        | 1 2 3 4 6 8 9 |  9.9
Stealth        | 1 2 |  2.0

Action                     |  1- 3 |  4- 6 |  7- 9 | 10-12 | 13-15 || total
---------------------------+-------+-------+-------+-------+-------++-------
  Melee: Mace              |    64 |   144 |   156 |   465 |       ||   829
         Headbutt          |     6 |    19 |    49 |   151 |     2 ||   227
         Punch             |     1 |       |       |       |       ||     1
         Flail             |       |       |    81 |   165 |       ||   246
         Whip              |       |       |       |    42 |       ||    42
         Great mace        |       |       |       |    38 |     8 ||    46
  Throw: Stone             |     6 |       |       |       |       ||     6
         Javelin           |     2 |    16 |    19 |       |       ||    37
         Dart              |       |       |     7 |     1 |       ||     8
 Invoke: Berserk           |     1 |     1 |     1 |     3 |       ||     6
         Trog's Hand       |       |       |       |     1 |       ||     1
         Brothers in Arms  |       |       |       |     1 |       ||     1
    Use: Potion            |     1 |     3 |     4 |     2 |       ||    10
         Scroll            |       |     5 |     3 |    14 |       ||    22
 Armour: Animal skin       |    46 |       |       |       |       ||    46
         Chain mail        |       |   106 |   140 |   334 |    32 ||   612
  Dodge: Dodged            |    44 |    59 |    80 |   213 |    16 ||   412
  Block: Buckler           |       |    29 |    61 |   205 |       ||   295
